 Dungeon Crawl Stone Soup version 0.29.0-4-gdea44cf6ec (webtiles) character file.

Game seed: 5933331407891825095

102778 qw the Peltast (level 15, -3/141 HPs)
             Began as a Minotaur Berserker on Sept 10, 2022.
             Was an Elder of Trog.
             Slain by an orc warrior
             ... wielding a +0 trident
             ... led by an orc warlord
              (16 damage)
             ... on level 2 of the Orcish Mines.
             The game lasted 00:09:45 (29529 turns).

qw the Peltast (Minotaur Berserker)                Turns: 29529, Time: 00:09:46

Health: -3/141     AC: 30    Str: 30    XL:     15   Next: 87%
Magic:  14/14      EV:  8    Int:  4    God:    Trog [****..]
Gold:   1691       SH: 19    Dex:  9    Spells: 14/14 levels left

rFire   + . .      SeeInvis .   n - +1 broad axe (flame)
rCold   + . .      Faith    .   q - +0 tower shield
rNeg    . . .      Spirit   .   k - +3 plate armour
rPois   +          Reflect  .   (helmet restricted)
rElec   .          Harm     .   s - +2 cloak {rPois}
rCorr   .          Rampage  .   a - +2 pair of gloves
Will    +++..                   t - +2 pair of boots
Stlth   ..........              l - amulet of the acrobat
HPRegen 1.33/turn               w - ring of protection from fire
MPRegen 0.14/turn               e - ring of protection from cold

@: about to teleport, strong-willed, on berserk cooldown, regenerating, slowed,
very slow
A: horns 2, retaliatory headbutt, subdued magic 1
a: Renounce Religion, Berserk, Trog's Hand, Brothers in Arms


You were on level 2 of the Orcish Mines.
You worshipped Trog.
Trog was greatly pleased with you.
You visited 3 branches of the dungeon, and saw 22 of its levels.

You collected 2413 gold pieces.
You spent 722 gold pieces at shops.


Innate Abilities, Weirdness & Mutations

You have a pair of horns on your head.
You reflexively headbutt those who attack you in melee.
Your spells are a little easier to cast, but a little less powerful.


   Skills:
 + Level 15.3 Fighting
 - Level 18.0 Axes
 - Level 7.0 Throwing
 - Level 14.0 Armour
 - Level 6.0 Dodging
 - Level 18.8 Shields


You had 14 spell levels left.
You didn't know any spells.
Your spell library was empty.

Inventory:

Hand Weapons
 n - a +1 broad axe of flaming (weapon)
Missiles
 p - 16 boomerangs
 u - 7 javelins (quivered)
Armour
 a - a +2 pair of gloves (worn)
 c - the +0 pair of boots of Servitude {Contam +Blink rElec rPois}
   (You acquired it on level 5 of the Lair of Beasts)

   rElec:     It insulates you from electricity.
   rPois:     It protects you from poison.
   +Blink:    It lets you blink.
   Contam:    It causes magical contamination when unequipped.
 k - a +3 plate armour (worn)
 q - a +0 tower shield (worn)
 s - a +2 cloak of poison resistance (worn)
 t - a +2 pair of boots (worn)
Jewellery
 d - a +6 ring of dexterity
 e - a ring of protection from cold (right hand)
 f - a ring of willpower
 l - an amulet of the acrobat (around neck)
 w - a ring of protection from fire (left hand)
 x - a ring of protection from cold
Scrolls
 b - 14 scrolls of identify
 o - 6 scrolls of teleportation
Potions
 g - 4 potions of mutation
 h - 4 potions of might
 j - 3 potions of curing
 r - a potion of haste
 z - a potion of resistance

Dungeon Overview and Level Annotations

Branches:
Dungeon (15/15)            Temple (0/1) D:4            Lair (5/5) D:8
 Shoals (0/4) Lair:3       Spider (0/4) Lair:3        Slime (0/5) Lair:4
    Orc (2/2) D:9             Elf (0/3) Orc:2        Vaults (0/5) D:13
 Depths (0/4) D:15

Altars:
Cheibriados
Dithmenos
Fedhas
Ru
Sif Muna
Uskayaw
Vehumet
Wu Jian
Xom
Yredelemnul
Zin
The Shining One

Shops:
D:6 (   D:9 ?([((   Orc:2 (

Annotations:
D:7 2 transporters, qw's ghost, novice DsCA
D:10 2 runed translucent doors
Lair:5 2 transporters, 1 runed translucent door, qw's ghost, journeyman TrCA


Message History

The orc sorcerer hits you with a +0 dagger.
The orc warrior shouts!
You hit the orc sorcerer but do no damage.
You headbutt the orc sorcerer, but do no damage.
The orc sorcerer is lightly wounded.
You closely miss the troll. You hit the troll but do no damage.
You barely miss the troll.
Your ogre hits the orc sorcerer with a +0 giant spiked club!!
An orc warrior comes into view. It is wielding a +0 halberd.
An orc comes into view. It is wielding a +0 dagger.
The troll bites you but does no damage. You block the troll's attack. x2
The orc sorcerer completely misses your ogre.
The troll bites you!
The troll claws you but does no damage. x2
Your ogre closely misses the orc sorcerer.
The troll bites you but does no damage.
The troll claws you but does no damage. x2
The orc sorcerer casts a spell at your ogre.
Your ogre suddenly stops moving!
The troll bites you. The troll claws you but does no damage.
The troll barely misses you.
An orc comes into view. It is wielding a +0 whip.
An orc wizard comes into view. It is wielding a +0 dagger.
The troll bites you!
The troll claws you but does no damage. x2
The orc hits you but does no damage. You block the troll's attack.
The troll claws you but does no damage. x2
The orc warrior hits you from afar with a +0 trident!
An orc knight comes into view. It is wielding a +0 dire flail.
You hear a shout!
29529 ||| READING 7 scrolls of teleportation.
As you read the scroll of teleportation, it crumbles to dust.
You feel strangely unstable. You block the warg's attack.
Your two-headed ogre hits the troll with a +0 giant spiked club!!!
The troll dies!
Trog accepts your kill. You block the troll's attack.
The troll claws you but does no damage. The troll closely misses you.
You block the troll's attack. x2
The troll claws you! The troll bites you but does no damage.
The troll claws you but does no damage. x2
The orc warrior hits you from afar with a +0 trident!
You die...

....o...# ##
.....)..####..##
...$...).......##
......)..........
..............o..
...o.....O....o..
..........oo..oo.
...........TToo..#..
.....o....oT@oT....#
...$.......)oho.....
..o........O...###..
.............<##
............^..
........).......
....o...........
..##..#####....#. ##
#


You could see an orc warlord, an orc knight (strong), 4 trolls, a warg, an orc
sorcerer (strong, distracted, ally target), 3 orc warriors, an orc wizard, 7
orcs, a friendly two-headed ogre (summoned, berserk) and a friendly ogre
(summoned, berserk, paralysed).

Vanquished Creatures
  Jorgrun (D:13)
  Agnes (D:14)
  Nessos (Lair:3)
  A dire elephant (D:15)
  An ettin (Orc:1)
  4 vault guards (D:13)
  5 hydras
  3 ogre magi (Orc:2)
  3 boulder beetles
  2 catoblepae
  A death knight (D:14)
  2 centaur warriors
  2 tengu warriors (D:15)
  10 two-headed ogres
  12 death yaks
  Urug (D:13)
  Amaemon (Lair:2)
  A deep elf knight (D:13)
  Lodul (D:14)
  A deep elf archer (D:13)
  2 lindwurms (Lair:5)
  3 wizards
  A necromancer (Lair:4)
  A phantasmal warrior (D:14)
  An orc knight (D:15)
  2 deep elf pyromancers
  4 ugly things
  A wolf spider (D:15)
  6 cyclopes
  A manticore (D:15)
  A salamander (D:15)
  8 black mambas
  A merfolk siren (Lair:3)
  32 elephants
  9 cane toads
  3 gargoyles (D:12)
  An orange demon (Lair:2)
  An unseen horror (D:13)
  8 torpor snails
  An efreet (D:15)
  2 rime drakes (Lair:5)
  A komodo dragon (shapeshifter) (D:14)
  Maggie (D:6)
  10 komodo dragons
  A kobold demonologist (D:12)
  A freezing wraith (D:14)
  A tengu conjurer (D:15)
  4 tyrant leeches (Lair:5)
  A troll (D:9)
  7 hornets
  4 slime creatures (D:15)
  8 dream sheep (Lair:3)
  4 blink frogs (Lair:3)
  2 shadows
  9 wraiths
  A vampire (D:12)
  4 water elementals
  3 wyverns
  2 steam dragons
  11 basilisks
  38 yaks
  4 vampire mosquitoes
  A redback (Lair:3)
  Menkaure (D:6)
  An acid dragon (shapeshifter) (D:14)
  A warg (Orc:1)
  5 acid dragons
  Duvessa (D:6)
  28 water moccasins
  15 orc warriors
  2 sky beasts
  2 swamp drakes (Lair:5)
  An ice beast (shapeshifter) (D:14)
  5 black bears
  3 ice beasts
  11 wolves
  19 centaurs
  23 ogres
  9 kobold brigands
  2 phantoms
  A necrophage (D:6)
  2 scorpions
  11 bullfrogs
  6 gnoll sergeants
  8 wights (D:8)
  Dowan (D:6)
  3 killer bees (D:9)
  An electric eel (Lair:2)
  9 howler monkeys
  14 jellies
  A lava snake (D:8)
  6 hounds
  A gnoll bouda (Lair:3)
  7 orc priests
  6 iguanas
  17 orc wizards
  5 yak simulacra (Lair:4)
  4 polar bear simulacra (Lair:4)
  2 wolf simulacra (Lair:4)
  13 gnolls
  16 adders
  12 white imps (D:11)
  3 dart slugs
  40 orcs
  4 endoplasms
  5 giant cockroaches
  9 hobgoblins
  19 kobolds
  2 quokkas
  7 ball pythons
  2 bats
  A frilled lizard (D:2)
  8 goblins
  2 rats
638 creatures vanquished.

Vanquished Creatures (collateral kills)
  A fire dragon (Lair:5)
  A two-headed ogre (Orc:2)
  An orc knight (Orc:2)
  An orange crystal statue (D:10)
  An obsidian statue (D:10)
  A swamp dragon (Lair:5)
  A troll (Orc:2)
  A vampire mosquito (D:12)
  A warg (Orc:2)
  An orc warrior (Orc:2)
  7 ogres
  2 orc priests (Orc:2)
19 creatures vanquished.

Vanquished Creatures (others)
  A white imp (D:8)
  An orc (D:8)
  33 fungi
  40 plants
75 creatures vanquished.

Grand Total: 732 creatures vanquished

Notes
Turn   | Place    | Note
-------+----------+-------------------------------------------
     0 | D:1      | qw the Minotaur Berserker began the quest for the Orb.
     0 | D:1      | Reached XP level 1. HP: 19/19 MP: 0/0
     0 | D:1      | 0 ||| qw: Version: 0.1-a-116-g5d60599
     0 | D:1      | 0 ||| qw: Game counter: 7669
     0 | D:1      | 0 ||| qw: Always use a shield: true
     0 | D:1      | 0 ||| qw: Do Orc after D:15 true
     0 | D:1      | 0 ||| qw: Do second Lair branch before Depths: true
     0 | D:1      | 0 ||| qw: Lair rune preference: random
     0 | D:1      | 0 ||| qw: Plans: Normal
     0 | D:1      | 0 ||| PLANNING D:1-11
    12 | D:1      | 12 ||| Stepping ~*~*~tactically~*~*~ (stealth).
    13 | D:1      | 13 ||| Stepping ~*~*~tactically~*~*~ (stealth).
    17 | D:1      | 17 ||| Stepping ~*~*~tactically~*~*~ (stealth).
    24 | D:1      | 24 ||| Stepping ~*~*~tactically~*~*~ (stealth).
   190 | D:1      | 190 ||| INVOKING Berserk.
   255 | D:1      | 255 ||| Stepping ~*~*~tactically~*~*~ (stealth).
   271 | D:1      | 271 ||| Stepping ~*~*~tactically~*~*~ (stealth).
   284 | D:1      | 284 ||| Stepping ~*~*~tactically~*~*~ (stealth).
   474 | D:1      | 474 ||| DROPPING +0 club.
   485 | D:1      | Reached XP level 2. HP: 26/26 MP: 1/1
   784 | D:1      | 784 ||| Stepping ~*~*~tactically~*~*~ (stealth).
   787 | D:1      | 787 ||| Stepping ~*~*~tactically~*~*~ (stealth).
  1504 | D:1      | 1504 ||| UPGRADING to +0 leather armour.
  1514 | D:1      | 1514 ||| DROPPING +0 animal skin.
  1515 | D:1      | 1515 ||| UPGRADING to +0 chain mail.
  1525 | D:1      | 1525 ||| DROPPING +0 leather armour.
  1526 | D:1      | 1526 ||| UPGRADING to amulet of the acrobat.
  1531 | D:1      | 1531 ||| UPGRADING to +6 ring of dexterity.
  1532 | D:1      | 1532 ||| READING scroll labelled TEELUT WEHUZXY.
  1533 | D:1      | 1533 ||| READING scroll labelled ETU RUATZOIXZENT.
  1534 | D:1      | 1534 ||| READING 2 scrolls labelled RUEPOFUGAZ.
  1535 | D:1      | 1535 ||| READING scroll labelled SAANWI AHAYTON.
  1636 | D:1      | 1636 ||| READING scroll labelled EDOKU LIEM.
  1637 | D:1      | 1637 ||| DROPPING scroll of blinking.
  1677 | D:2      | 1677 ||| STAIRDANCE
  1682 | D:2      | 1682 ||| STAIRDANCE
  1689 | D:1      | Reached XP level 3. HP: 21/31 MP: 2/2
  1792 | D:2      | 1792 ||| STAIRDANCE
  1897 | D:2      | Found a glowing silver altar of Zin.
  2246 | D:2      | 2246 ||| UPGRADING to +0 pair of gloves.
  2251 | D:2      | 2251 ||| UPGRADING to +0 plate armour.
  2261 | D:2      | 2261 ||| DROPPING +0 chain mail.
  2262 | D:2      | 2262 ||| UPGRADING to ring of protection from cold.
  2263 | D:2      | 2263 ||| READING scroll labelled AFYSCH ISYME.
  2268 | D:2      | 2268 ||| READING scroll labelled CILOMILO TESA.
  2269 | D:2      | 2269 ||| DRINKING 2 smoky yellow potions.
  2270 | D:2      | 2270 ||| READING 2 scrolls of identify.
  2270 | D:2      | 2270 ||| IDENTIFYING green potion
  2271 | D:2      | 2271 ||| DROPPING potion of flight.
  2272 | D:2      | 2272 ||| Stepping randomly (stuck).
  2273 | D:2      | 2273 ||| Stepping ~*~*~tactically~*~*~ (cloud).
  2281 | D:2      | HP: 7/31 [poisoned by you (poison gas)]
  2546 | D:3      | 2546 ||| Stepping ~*~*~tactically~*~*~ (stealth).
  2590 | D:3      | Reached ** piety under Trog
  2702 | D:3      | Reached XP level 4. HP: 39/39 MP: 3/3
  2742 | D:3      | 2742 ||| INVOKING Berserk.
  2745 | D:3      | Reached skill level 6 in Axes
  2864 | D:3      | 2864 ||| DROPPING +4 whip.
  2907 | D:3      | 2907 ||| READING scroll of enchant weapon.
  2907 | D:3      | 2907 ||| ENCHANTING +1 hand axe.
  2978 | D:3      | Reached XP level 5. HP: 45/45 MP: 4/4
  3068 | D:3      | Found a shimmering blue altar of Sif Muna.
  3120 | D:3      | Found a faded altar of an unknown god.
  3145 | D:3      | 3145 ||| SWAPPING to +0 war axe.
  3146 | D:3      | 3146 ||| DROPPING +2 hand axe.
  3726 | D:3      | 3726 ||| READING scroll labelled QIDIZ NIPE.
  3727 | D:3      | 3727 ||| DRINKING 2 sapphire potions.
  3728 | D:3      | 3728 ||| READING 3 scrolls of identify.
  3728 | D:3      | 3728 ||| IDENTIFYING red potion
  3729 | D:3      | 3729 ||| READING 2 scrolls of identify.
  3729 | D:3      | 3729 ||| IDENTIFYING grey potion
  3730 | D:3      | 3730 ||| DROPPING potion of ambrosia.
  3838 | D:4      | You fall into a shaft and drop 2 floors!
  3844 | D:6      | Noticed a phantom
  3845 | D:6      | 3845 ||| Stepping ~*~*~tactically~*~*~ (stealth).
  3846 | D:6      | 3846 ||| Stepping ~*~*~tactically~*~*~ (stealth).
  3857 | D:6      | 3857 ||| INVOKING Berserk.
  3859 | D:6      | Reached XP level 6. HP: 53/53 MP: 5/5
  3859 | D:6      | Noticed Duvessa
  3877 | D:6      | Killed Duvessa
  3878 | D:6      | Reached XP level 7. HP: 29/60 MP: 6/6
  3882 | D:6      | Noticed Dowan
  3889 | D:6      | Killed Dowan
  3955 | D:6      | 3955 ||| INVOKING Berserk.
  3964 | D:6      | Reached skill level 9 in Axes
  4138 | D:6      | Noticed Menkaure
  4140 | D:6      | 4140 ||| INVOKING Berserk.
  4142 | D:6      | Killed Menkaure
  4143 | D:6      | Reached skill level 6 in Fighting
  4143 | D:6      | Reached XP level 8. HP: 70/70 MP: 7/7
  4204 | D:6      | 4204 ||| INVOKING Berserk.
  4402 | D:6      | Found a basalt altar of Yredelemnul.
  4433 | D:6      | 4433 ||| READING scroll labelled WOGIKU RENASUC.
  4434 | D:6      | 4434 ||| READING scroll labelled CEBAAVE HOANT.
  4435 | D:6      | 4435 ||| READING scroll labelled JIRIDO SAITU.
  4448 | D:5      | Entered Level 5 of the Dungeon
  4588 | D:5      | 4588 ||| UPGRADING to +0 pair of boots.
  4633 | D:4      | Found a staircase to the Ecumenical Temple.
  4704 | D:4      | 4704 ||| Stepping ~*~*~tactically~*~*~ (stealth).
  4773 | D:4      | Reached *** piety under Trog
  5066 | D:4      | Identified the +0 scale mail "Puov" {rF+ Regen+ Dex+4}
  5178 | D:4      | 5178 ||| UPGRADING to +2 pair of boots.
  5188 | D:4      | 5188 ||| DROPPING +0 pair of boots.
  5189 | D:4      | 5189 ||| READING scroll labelled CUTOON QIOXTO.
  5190 | D:4      | 5190 ||| READING scroll labelled NESSIE QOPIWK.
  5348 | D:4      | 5348 ||| DRINKING 2 emerald potions.
  5394 | D:4      | 5394 ||| DROPPING potion of lignification.
  5450 | D:5      | Found a blossoming altar of Fedhas.
  5714 | D:5      | Reached skill level 12 in Axes
  5792 | D:5      | 5792 ||| READING scroll of enchant weapon.
  5792 | D:5      | 5792 ||| ENCHANTING +0 war axe.
  5915 | D:5      | Found a sacrificial altar of Ru.
  6064 | D:5      | 6064 ||| UPGRADING to +0 tower shield.
  6069 | D:5      | 6069 ||| DRINKING 2 fizzy golden potions.
  6091 | D:6      | Noticed Maggie
  6103 | D:6      | 6103 ||| INVOKING Berserk.
  6103 | D:6      | HP: 8/105 [Maggie/bolt of fire (20)]
  6104 | D:6      | Killed Maggie
  6105 | D:6      | Reached XP level 9. HP: 9/75 MP: 8/8
  6415 | D:6      | 6415 ||| SWAPPING to +0 broad axe of flaming.
  6416 | D:6      | 6416 ||| DROPPING +0 flail.
  6417 | D:6      | 6417 ||| DROPPING +1 war axe.
  6518 | D:6      | 6518 ||| INVOKING Berserk.
  6834 | D:6      | Found Ofixyng's Weapon Boutique.
  7026 | D:6      | 7026 ||| READING 3 scrolls of identify.
  7026 | D:6      | 7026 ||| IDENTIFYING clear potion
  7027 | D:6      | 7027 ||| READING 2 scrolls of identify.
  7027 | D:6      | 7027 ||| IDENTIFYING purple potion
  7028 | D:6      | 7028 ||| DROPPING potion of degeneration.
  7080 | D:7      | Found a transporter.
  7080 | D:7      | Found a transporter.
  7098 | D:7      | 7098 ||| Stepping ~*~*~tactically~*~*~ (stealth).
  7116 | D:7      | Reached skill level 6 in Shields
  7186 | D:7      | 7186 ||| FLEEEEING.
  7209 | D:7      | 7209 ||| Stepping ~*~*~tactically~*~*~ (stealth).
  7227 | D:7      | 7227 ||| INVOKING Berserk.
  7411 | D:7      | 7411 ||| INVOKING Berserk.
  7610 | D:7      | Reached skill level 9 in Shields
  7654 | D:7      | Found a shimmering altar of Xom.
  7901 | D:7      | Identified the ring of the Smoking Messenger {Ice rPois
                  | Will++ Str+2 Stlth-}
  7928 | D:7      | Noticed qw's ghost (novice DsCA)
  7969 | D:7      | 7969 ||| READING 3 scrolls of identify.
  7969 | D:7      | 7969 ||| IDENTIFYING yellow potion
  7970 | D:7      | 7970 ||| READING 2 scrolls of identify.
  7970 | D:7      | 7970 ||| IDENTIFYING smoky inky potion
  7971 | D:7      | 7971 ||| DROPPING potion of attraction.
  8042 | D:8      | 8042 ||| Stepping randomly (cloudy).
  8048 | D:8      | 8048 ||| INVOKING Berserk.
  8053 | D:8      | Reached skill level 1 in Throwing
  8086 | D:8      | 8086 ||| FLEEEEING.
  8087 | D:8      | 8087 ||| FLEEEEING.
  8088 | D:8      | 8088 ||| FLEEEEING.
  8089 | D:8      | 8089 ||| STAIRDANCE
  8275 | D:8      | 8275 ||| Stepping ~*~*~tactically~*~*~ (stealth).
  8278 | D:8      | 8278 ||| Stepping ~*~*~tactically~*~*~ (stealth).
  8287 | D:8      | 8287 ||| Stepping ~*~*~tactically~*~*~ (stealth).
  8350 | D:8      | 8350 ||| READING scroll of enchant armour.
  8350 | D:8      | 8350 ||| ENCHANTING +0 pair of gloves.
  8488 | D:8      | Found a staircase to the Lair.
  8489 | D:8      | Noticed an elephant
  8490 | D:8      | 8490 ||| Stepping ~*~*~tactically~*~*~ (stealth).
  8494 | D:8      | 8494 ||| INVOKING Berserk.
  8499 | D:8      | Reached XP level 10. HP: 83/83 MP: 9/9
  8503 | D:8      | Killed an elephant
  8671 | D:8      | Found a shadowy altar of Dithmenos.
  8700 | D:8      | Found a hide-covered altar of Uskayaw.
  8804 | D:8      | 8804 ||| Stepping ~*~*~tactically~*~*~ (hiding).
  8805 | D:8      | 8805 ||| Stepping ~*~*~tactically~*~*~ (hiding).
  8825 | D:8      | Reached skill level 3 in Throwing
  8828 | D:8      | 8828 ||| INVOKING Berserk.
  8855 | D:8      | 8855 ||| FLEEEEING.
  8890 | D:8      | 8890 ||| FLEEEEING.
  8891 | D:8      | 8891 ||| FLEEEEING.
  8892 | D:8      | 8892 ||| FLEEEEING.
  8897 | D:8      | 8897 ||| STAIRDANCE
  9071 | D:7      | 9071 ||| DRINKING 2 lumpy clear potions.
  9123 | D:8      | 9123 ||| Stepping ~*~*~tactically~*~*~ (stealth).
  9127 | D:8      | 9127 ||| Stepping ~*~*~tactically~*~*~ (stealth).
  9128 | D:8      | 9128 ||| Stepping ~*~*~tactically~*~*~ (stealth).
  9131 | D:8      | 9131 ||| INVOKING Berserk.
  9300 | D:8      | Found an ornate altar of the Wu Jian Council.
  9396 | D:8      | 9396 ||| PLANNING LAIR
  9434 | Lair:1   | Entered Level 1 of the Lair of Beasts
  9440 | Lair:1   | Reached skill level 12 in Shields
  9443 | Lair:1   | Reached skill level 3 in Dodging
  9446 | Lair:1   | 9446 ||| INVOKING Berserk.
  9720 | Lair:1   | Noticed a black mamba
  9721 | Lair:1   | 9721 ||| Stepping ~*~*~tactically~*~*~ (stealth).
  9723 | Lair:1   | 9723 ||| Stepping ~*~*~tactically~*~*~ (stealth).
  9726 | Lair:1   | 9726 ||| INVOKING Berserk.
  9732 | Lair:1   | Killed a black mamba
  9733 | Lair:1   | Reached skill level 6 in Armour
  9856 | Lair:1   | Noticed a cane toad
  9858 | Lair:1   | 9858 ||| INVOKING Berserk.
  9861 | Lair:1   | Killed a cane toad
  9874 | Lair:1   | 9874 ||| Stepping ~*~*~tactically~*~*~ (stealth).
 10192 | Lair:1   | Noticed an eight-headed hydra
 10196 | Lair:1   | 10196 ||| INVOKING Berserk.
 10202 | Lair:1   | Killed a four-headed hydra
 10203 | Lair:1   | Reached XP level 11. HP: 92/92 MP: 10/10
 11109 | Lair:1   | 11109 ||| READING 2 scrolls of identify.
 11109 | Lair:1   | 11109 ||| IDENTIFYING fizzy puce potion
 11110 | Lair:1   | 11110 ||| DROPPING potion of magic.
 11133 | Lair:2   | 11133 ||| STAIRDANCE
 11143 | Lair:2   | 11143 ||| INVOKING Berserk.
 11147 | Lair:2   | 11147 ||| STAIRDANCE
 11443 | Lair:2   | 11443 ||| INVOKING Berserk.
 11638 | Lair:2   | 11638 ||| READING scroll of enchant armour.
 11638 | Lair:2   | 11638 ||| ENCHANTING +1 pair of gloves.
 11652 | Lair:2   | 11652 ||| INVOKING Berserk.
 11667 | Lair:2   | Noticed Amaemon
 11668 | Lair:2   | 11668 ||| Stepping ~*~*~tactically~*~*~ (stealth).
 11670 | Lair:2   | 11670 ||| Stepping ~*~*~tactically~*~*~ (stealth).
 11671 | Lair:2   | 11671 ||| Stepping ~*~*~tactically~*~*~ (stealth).
 11677 | Lair:2   | 11677 ||| DRINKING 6 potions of curing.
 11677 | Lair:2   | 11677 ||| (to cure confusion)
 11680 | Lair:2   | Killed Amaemon
 11800 | Lair:2   | 11800 ||| Stepping ~*~*~tactically~*~*~ (stealth).
 11801 | Lair:2   | 11801 ||| Stepping ~*~*~tactically~*~*~ (stealth).
 11805 | Lair:2   | 11805 ||| INVOKING Berserk.
 11949 | Lair:2   | 11949 ||| Stepping ~*~*~tactically~*~*~ (stealth).
 11950 | Lair:2   | 11950 ||| Stepping ~*~*~tactically~*~*~ (stealth).
 12123 | Lair:2   | 12123 ||| INVOKING Berserk.
 12128 | Lair:2   | Reached skill level 15 in Axes
 12128 | Lair:2   | Reached **** piety under Trog
 12248 | Lair:2   | Noticed a five-headed hydra
 12249 | Lair:2   | 12249 ||| Stepping ~*~*~tactically~*~*~ (stealth).
 12250 | Lair:2   | 12250 ||| INVOKING Berserk.
 12266 | Lair:2   | Killed a three-headed hydra
 12267 | Lair:2   | Reached skill level 9 in Fighting
 12267 | Lair:2   | Reached XP level 12. HP: 105/105 MP: 11/11
 12426 | Lair:2   | 12426 ||| Stepping ~*~*~tactically~*~*~ (stealth).
 12438 | Lair:2   | 12438 ||| Stepping ~*~*~tactically~*~*~ (stealth).
 12439 | Lair:2   | 12439 ||| INVOKING Berserk.
 12506 | Lair:2   | 12506 ||| Stepping ~*~*~tactically~*~*~ (stealth).
 12671 | Lair:2   | Found the +8 whip "Snakebite" {venom, curare, rPois}
 12771 | Lair:2   | 12771 ||| FLEEEEING.
 12772 | Lair:2   | 12772 ||| FLEEEEING.
 12773 | Lair:2   | 12773 ||| FLEEEEING.
 12774 | Lair:2   | 12774 ||| FLEEEEING.
 12775 | Lair:2   | 12775 ||| FLEEEEING.
 12776 | Lair:2   | 12776 ||| FLEEEEING.
 12777 | Lair:2   | 12777 ||| FLEEEEING.
 12778 | Lair:2   | 12778 ||| INVOKING Berserk.
 12785 | Lair:2   | 12785 ||| STAIRDANCE
 12887 | Lair:1   | 12887 ||| UPGRADING to ring of protection from fire.
 12889 | Lair:1   | 12889 ||| READING scroll labelled YGRU YDEOPS.
 12902 | Lair:2   | 12902 ||| FLEEEEING.
 12903 | Lair:2   | 12903 ||| FLEEEEING.
 12906 | Lair:2   | 12906 ||| FLEEEEING.
 12908 | Lair:2   | 12908 ||| FLEEEEING.
 12909 | Lair:2   | 12909 ||| FLEEEEING.
 12910 | Lair:2   | 12910 ||| FLEEEEING.
 12911 | Lair:2   | 12911 ||| FLEEEEING.
 12912 | Lair:2   | 12912 ||| FLEEEEING.
 12913 | Lair:2   | 12913 ||| FLEEEEING.
 12914 | Lair:2   | 12914 ||| FLEEEEING.
 12916 | Lair:2   | 12916 ||| INVOKING Berserk.
 13031 | Lair:2   | Found a snail-covered altar of Cheibriados.
 13155 | Lair:2   | 13155 ||| FLEEEEING.
 13156 | Lair:2   | 13156 ||| FLEEEEING.
 13157 | Lair:2   | 13157 ||| FLEEEEING.
 13158 | Lair:2   | 13158 ||| FLEEEEING.
 13159 | Lair:2   | 13159 ||| FLEEEEING.
 13160 | Lair:2   | 13160 ||| FLEEEEING.
 13161 | Lair:2   | 13161 ||| FLEEEEING.
 13162 | Lair:2   | 13162 ||| FLEEEEING.
 13163 | Lair:2   | 13163 ||| FLEEEEING.
 13165 | Lair:2   | 13165 ||| INVOKING Berserk.
 13404 | Lair:2   | 13404 ||| INVOKING Berserk.
 13850 | Lair:3   | Found a hole to the Spider Nest.
 13851 | Lair:3   | 13851 ||| INVOKING Berserk.
 13854 | Lair:3   | Noticed Nessos
 13864 | Lair:3   | HP: 23/105 [Nessos/arrow (9)]
 13865 | Lair:3   | 13865 ||| READING 6 scrolls of teleportation.
 13865 | Lair:3   | HP: 9/105 [Nessos/arrow (6)]
 13866 | Lair:3   | 13866 ||| DRINKING 4 potions of heal wounds.
 13867 | Lair:3   | 13867 ||| DRINKING 3 potions of heal wounds.
 13869 | Lair:3   | 13869 ||| DRINKING 5 potions of curing.
 13869 | Lair:3   | 13869 ||| (to cure poison)
 14125 | Lair:3   | Killed Nessos
 14275 | Lair:3   | 14275 ||| Stepping ~*~*~tactically~*~*~ (stealth).
 14276 | Lair:3   | 14276 ||| Stepping ~*~*~tactically~*~*~ (stealth).
 14286 | Lair:3   | 14286 ||| Stepping ~*~*~tactically~*~*~ (stealth).
 14293 | Lair:3   | 14293 ||| INVOKING Berserk.
 14554 | Lair:3   | 14554 ||| Stepping ~*~*~tactically~*~*~ (stealth).
 14556 | Lair:3   | 14556 ||| Stepping ~*~*~tactically~*~*~ (stealth).
 14559 | Lair:3   | 14559 ||| INVOKING Berserk.
 14570 | Lair:3   | 14570 ||| Stepping ~*~*~tactically~*~*~ (stealth).
 14583 | Lair:3   | 14583 ||| Stepping ~*~*~tactically~*~*~ (stealth).
 14584 | Lair:3   | 14584 ||| Stepping ~*~*~tactically~*~*~ (stealth).
 14739 | Lair:3   | 14739 ||| Stepping ~*~*~tactically~*~*~ (stealth).
 14741 | Lair:3   | 14741 ||| Stepping ~*~*~tactically~*~*~ (stealth).
 14882 | Lair:3   | 14882 ||| Stepping ~*~*~tactically~*~*~ (stealth).
 14891 | Lair:3   | 14891 ||| INVOKING Berserk.
 14917 | Lair:3   | 14917 ||| Stepping ~*~*~tactically~*~*~ (stealth).
 14918 | Lair:3   | 14918 ||| Stepping ~*~*~tactically~*~*~ (stealth).
 14919 | Lair:3   | 14919 ||| Stepping ~*~*~tactically~*~*~ (stealth).
 14925 | Lair:3   | HP: 26/106 [wolf (1)]
 14926 | Lair:3   | 14926 ||| READING 5 scrolls of teleportation.
 14927 | Lair:3   | 14927 ||| DRINKING 2 potions of heal wounds.
 14941 | Lair:3   | HP: 26/106 [elephant (4)]
 14942 | Lair:3   | 14942 ||| READING 4 scrolls of teleportation.
 14943 | Lair:3   | 14943 ||| DRINKING potion of heal wounds.
 14951 | Lair:3   | 14951 ||| INVOKING Berserk.
 14958 | Lair:3   | Reached skill level 9 in Armour
 14973 | Lair:3   | Reached skill level 15 in Shields
 14973 | Lair:3   | Reached XP level 13. HP: 43/113 MP: 12/12
 15324 | Lair:3   | Found a staircase to the Shoals.
 15627 | Lair:3   | 15627 ||| DROPPING amulet of faith.
 15836 | Lair:4   | 15836 ||| Stepping ~*~*~tactically~*~*~ (stealth).
 15840 | Lair:4   | 15840 ||| Stepping ~*~*~tactically~*~*~ (stealth).
 15842 | Lair:4   | 15842 ||| Stepping ~*~*~tactically~*~*~ (stealth).
 15857 | Lair:4   | Found a staircase to the Slime Pits.
 15862 | Lair:4   | 15862 ||| Stepping ~*~*~tactically~*~*~ (stealth).
 15909 | Lair:4   | 15909 ||| Stepping ~*~*~tactically~*~*~ (stealth).
 15952 | Lair:4   | 15952 ||| INVOKING Berserk.
 16069 | Lair:4   | 16069 ||| Stepping ~*~*~tactically~*~*~ (stealth).
 16072 | Lair:4   | 16072 ||| INVOKING Berserk.
 16079 | Lair:4   | Reached skill level 18 in Axes
 16128 | Lair:4   | HP: 27/115 [elephant (5)]
 16129 | Lair:4   | 16129 ||| READING 3 scrolls of teleportation.
 16130 | Lair:4   | 16130 ||| DRINKING potion of heal wounds.
 16442 | Lair:4   | 16442 ||| Stepping ~*~*~tactically~*~*~ (cloud).
 16444 | Lair:4   | 16444 ||| Stepping ~*~*~tactically~*~*~ (cloud).
 16445 | Lair:4   | 16445 ||| READING scroll labelled HEPYNU ROWAM.
 16446 | Lair:4   | 16446 ||| READING 2 scrolls of teleportation.
 16447 | Lair:4   | 16447 ||| INVOKING Berserk.
 16462 | Lair:4   | 16462 ||| DRINKING potion of cancellation.
 16478 | Lair:4   | 16478 ||| FLEEEEING.
 16483 | Lair:4   | 16483 ||| FLEEEEING.
 16484 | Lair:4   | 16484 ||| FLEEEEING.
 16485 | Lair:4   | 16485 ||| FLEEEEING.
 16486 | Lair:4   | 16486 ||| STAIRDANCE
 16574 | Lair:5   | Entered Level 5 of the Lair of Beasts
 16590 | Lair:5   | 16590 ||| Stepping ~*~*~tactically~*~*~ (stealth).
 16591 | Lair:5   | 16591 ||| Stepping ~*~*~tactically~*~*~ (stealth).
 16785 | Lair:5   | 16785 ||| Stepping ~*~*~tactically~*~*~ (stealth).
 16787 | Lair:5   | 16787 ||| Stepping ~*~*~tactically~*~*~ (cloud).
 16793 | Lair:5   | 16793 ||| Stepping ~*~*~tactically~*~*~ (hiding).
 16802 | Lair:5   | 16802 ||| INVOKING Berserk.
 16814 | Lair:5   | 16814 ||| Stepping ~*~*~tactically~*~*~ (cloud).
 16818 | Lair:5   | 16818 ||| Stepping ~*~*~tactically~*~*~ (cloud).
 16937 | Lair:5   | 16937 ||| FLEEEEING.
 16939 | Lair:5   | 16939 ||| FLEEEEING.
 16940 | Lair:5   | 16940 ||| FLEEEEING.
 16941 | Lair:5   | 16941 ||| FLEEEEING.
 16942 | Lair:5   | 16942 ||| STAIRDANCE
 17086 | Lair:5   | 17086 ||| INVOKING Berserk.
 17093 | Lair:5   | 17093 ||| STAIRDANCE
 17200 | Lair:5   | 17200 ||| Stepping ~*~*~tactically~*~*~ (stealth).
 17201 | Lair:5   | 17201 ||| Stepping ~*~*~tactically~*~*~ (stealth).
 17207 | Lair:5   | 17207 ||| Stepping ~*~*~tactically~*~*~ (stealth).
 17402 | Lair:5   | Reached ***** piety under Trog
 17420 | Lair:5   | Found a transporter.
 17420 | Lair:5   | Found a transporter.
 17460 | Lair:5   | Found a runed translucent door.
 17462 | Lair:5   | 17462 ||| INVOKING Berserk.
 17465 | Lair:5   | Reached skill level 12 in Fighting
 17599 | Lair:5   | 17599 ||| Stepping ~*~*~tactically~*~*~ (stealth).
 17604 | Lair:5   | 17604 ||| Stepping ~*~*~tactically~*~*~ (stealth).
 17605 | Lair:5   | 17605 ||| FLEEEEING.
 17606 | Lair:5   | 17606 ||| INVOKING Berserk.
 17632 | Lair:5   | 17632 ||| Stepping ~*~*~tactically~*~*~ (stealth).
 17633 | Lair:5   | 17633 ||| Stepping ~*~*~tactically~*~*~ (stealth).
 17722 | Lair:5   | 17722 ||| FLEEEEING.
 17723 | Lair:5   | 17723 ||| FLEEEEING.
 17724 | Lair:5   | 17724 ||| FLEEEEING.
 17725 | Lair:5   | 17725 ||| FLEEEEING.
 17726 | Lair:5   | 17726 ||| FLEEEEING.
 17727 | Lair:5   | 17727 ||| FLEEEEING.
 17728 | Lair:5   | 17728 ||| INVOKING Berserk.
 17849 | Lair:5   | 17849 ||| FLEEEEING.
 17852 | Lair:5   | 17852 ||| INVOKING Berserk.
 17975 | Lair:5   | 17975 ||| READING scroll of enchant armour.
 17975 | Lair:5   | 17975 ||| ENCHANTING +0 plate armour.
 17997 | Lair:5   | 17997 ||| Stepping ~*~*~tactically~*~*~ (stealth).
 18000 | Lair:5   | Paralysed by a hornet for 1 turns
 18004 | Lair:5   | Paralysed by a hornet for 1 turns
 18222 | Lair:5   | 18222 ||| FLEEEEING.
 18224 | Lair:5   | 18224 ||| FLEEEEING.
 18228 | Lair:5   | 18228 ||| INVOKING Berserk.
 18235 | Lair:5   | Reached XP level 14. HP: 126/126 MP: 13/13
 18380 | Lair:5   | Noticed qw's ghost (journeyman TrCA)
 18450 | Lair:5   | 18450 ||| Stepping ~*~*~tactically~*~*~ (stealth).
 18451 | Lair:5   | 18451 ||| Stepping ~*~*~tactically~*~*~ (stealth).
 18453 | Lair:5   | 18453 ||| INVOKING Berserk.
 18469 | Lair:5   | 18469 ||| INVOKING Brothers in Arms.
 18673 | Lair:5   | 18673 ||| Stepping ~*~*~tactically~*~*~ (hiding).
 18719 | Lair:5   | 18719 ||| Stepping ~*~*~tactically~*~*~ (stealth).
 18729 | Lair:5   | 18729 ||| Stepping ~*~*~tactically~*~*~ (hiding).
 18730 | Lair:5   | 18730 ||| Stepping ~*~*~tactically~*~*~ (hiding).
 18731 | Lair:5   | 18731 ||| Stepping ~*~*~tactically~*~*~ (hiding).
 18751 | Lair:5   | 18751 ||| DRINKING potion of resistance.
 18837 | Lair:5   | 18837 ||| Stepping ~*~*~tactically~*~*~ (hiding).
 18894 | Lair:5   | 18894 ||| DRINKING 4 potions of curing.
 18894 | Lair:5   | 18894 ||| (to cure confusion)
 18898 | Lair:5   | 18898 ||| DRINKING 3 potions of curing.
 18898 | Lair:5   | 18898 ||| (to cure confusion)
 18976 | Lair:5   | 18976 ||| INVOKING Brothers in Arms.
 18978 | Lair:5   | 18978 ||| INVOKING Brothers in Arms.
 18979 | Lair:5   | 18979 ||| INVOKING Berserk.
 19165 | Lair:5   | 19165 ||| Stepping ~*~*~tactically~*~*~ (stealth).
 19356 | Lair:5   | 19356 ||| READING scroll labelled PAOSUPL GA TEF.
 19356 | Lair:5   | Identified a scroll of acquirement
 19356 | Lair:5   | 19356 ||| ACQUIRING +0 pair of boots of Servitude {Contam
                  | +Blink rElec rPois}
 19356 | Lair:5   | Acquired the +0 pair of boots of Servitude {Contam +Blink
                  | rElec rPois}
 19358 | Lair:5   | 19358 ||| UPGRADING to +0 pair of boots of Servitude
                  | {Contam +Blink rElec rPois}.
 19467 | Lair:4   | 19467 ||| INVOKING Berserk.
 20208 | Lair:4   | 20208 ||| Stepping ~*~*~tactically~*~*~ (stealth).
 20309 | Lair:4   | 20309 ||| PLANNING D:1-11
 20309 | Lair:4   | 20309 ||| UPGRADING to +0 cloak.
 20476 | D:9      | Found Sonimek's Antique Weapon Emporium.
 20479 | D:9      | Found a staircase to the Orcish Mines.
 20511 | D:9      | 20511 ||| INVOKING Berserk.
 20737 | D:9      | Found Lauges's Weapon Shop.
 20740 | D:9      | Found Oggiol's Weapon Emporium.
 20773 | D:9      | Found Laciw's Armour Emporium.
 20782 | D:9      | 20782 ||| BUYING +2 cloak of poison resistance (296 gold).
 20782 | D:9      | Bought a +2 cloak of poison resistance for 296 gold pieces
 20840 | D:9      | 20840 ||| Stepping ~*~*~tactically~*~*~ (hiding).
 20929 | D:9      | 20929 ||| Stepping ~*~*~tactically~*~*~ (stealth).
 20979 | D:9      | 20979 ||| Stepping ~*~*~tactically~*~*~ (stealth).
 20989 | D:9      | 20989 ||| Stepping ~*~*~tactically~*~*~ (stealth).
 21052 | D:9      | Found Eschiy's Magic Scroll Shop.
 21055 | D:9      | 21055 ||| BUYING scroll of brand weapon (114 gold).
 21055 | D:9      | Bought a scroll of brand weapon for 114 gold pieces
 21055 | D:9      | 21055 ||| BUYING scroll of enchant weapon (90 gold).
 21055 | D:9      | Bought a scroll of enchant weapon for 90 gold pieces
 21055 | D:9      | 21055 ||| BUYING scroll of enchant weapon (90 gold).
 21055 | D:9      | Bought a scroll of enchant weapon for 90 gold pieces
 21055 | D:9      | 21055 ||| BUYING scroll of identify (24 gold).
 21055 | D:9      | Bought a scroll of identify for 24 gold pieces
 21055 | D:9      | 21055 ||| BUYING scroll of teleportation (36 gold).
 21055 | D:9      | Bought a scroll of teleportation for 36 gold pieces
 21055 | D:9      | 21055 ||| BUYING scroll of teleportation (36 gold).
 21055 | D:9      | Bought a scroll of teleportation for 36 gold pieces
 21055 | D:9      | 21055 ||| BUYING scroll of teleportation (36 gold).
 21055 | D:9      | Bought a scroll of teleportation for 36 gold pieces
 21055 | D:9      | 21055 ||| READING 2 scrolls of brand weapon.
 21055 | D:9      | 21055 ||| BRANDING +0 broad axe of flaming.
 21056 | D:9      | 21056 ||| READING scroll of brand weapon.
 21056 | D:9      | 21056 ||| BRANDING +0 broad axe of protection.
 21057 | D:9      | 21057 ||| READING 2 scrolls of enchant weapon.
 21057 | D:9      | 21057 ||| ENCHANTING +0 vorpal broad axe.
 21058 | D:9      | 21058 ||| READING scroll of enchant weapon.
 21058 | D:9      | 21058 ||| ENCHANTING +1 vorpal broad axe.
 21374 | D:9      | 21374 ||| UPGRADING to +2 cloak of poison resistance.
 21384 | D:9      | 21384 ||| DROPPING +0 cloak.
 21385 | D:9      | 21385 ||| UPGRADING to +2 pair of boots.
 21393 | D:9      | Gained mutation: Your spells are a little easier to cast,
                  | but a little less powerful. [mutagenic glow]
 21426 | D:10     | Entered Level 10 of the Dungeon
 21532 | D:10     | 21532 ||| DROPPING +0 mace.
 21543 | D:10     | Found a glowing golden altar of the Shining One.
 21547 | D:10     | Found a radiant altar of Vehumet.
 21548 | D:10     | 21548 ||| Stepping ~*~*~tactically~*~*~ (stealth).
 21549 | D:10     | 21549 ||| Stepping ~*~*~tactically~*~*~ (stealth).
 21550 | D:10     | 21550 ||| Stepping ~*~*~tactically~*~*~ (stealth).
 21551 | D:10     | 21551 ||| Stepping ~*~*~tactically~*~*~ (stealth).
 21612 | D:10     | 21612 ||| INVOKING Brothers in Arms.
 21613 | D:10     | 21613 ||| INVOKING Brothers in Arms.
 21621 | D:10     | 21621 ||| INVOKING Berserk.
 21749 | D:10     | 21749 ||| INVOKING Brothers in Arms.
 21755 | D:10     | 21755 ||| INVOKING Berserk.
 21755 | D:10     | Lost intelligence.
 21756 | D:10     | Reached skill level 12 in Armour
 21812 | D:10     | 21812 ||| Stepping ~*~*~tactically~*~*~ (stealth).
 21921 | D:10     | Found a large runed translucent door.
 21923 | D:10     | 21923 ||| Stepping ~*~*~tactically~*~*~ (stealth).
 21929 | D:10     | 21929 ||| Stepping ~*~*~tactically~*~*~ (stealth).
 21930 | D:10     | 21930 ||| Stepping ~*~*~tactically~*~*~ (stealth).
 21961 | D:10     | Found a large runed translucent door.
 22347 | D:11     | 22347 ||| INVOKING Berserk.
 22684 | D:11     | Found a frozen archway.
 22855 | D:11     | 22855 ||| Stepping ~*~*~tactically~*~*~ (hiding).
 22956 | D:11     | 22956 ||| PLANNING D
 22977 | D:12     | 22977 ||| Stepping ~*~*~tactically~*~*~ (stealth).
 22996 | D:12     | 22996 ||| Stepping ~*~*~tactically~*~*~ (stealth).
 22997 | D:12     | 22997 ||| INVOKING Brothers in Arms.
 22998 | D:12     | 22998 ||| SWAPPING to +0 flail.
 22999 | D:12     | 22999 ||| INVOKING Berserk.
 23048 | D:12     | 23048 ||| SWAPPING to +2 vorpal broad axe.
 23113 | D:12     | 23113 ||| Stepping ~*~*~tactically~*~*~ (hiding).
 23121 | D:12     | 23121 ||| INVOKING Berserk.
 23136 | D:12     | Reached skill level 6 in Throwing
 23457 | D:12     | 23457 ||| FLEEEEING.
 23458 | D:12     | 23458 ||| FLEEEEING.
 23459 | D:12     | 23459 ||| FLEEEEING.
 23460 | D:12     | 23460 ||| FLEEEEING.
 23461 | D:12     | 23461 ||| FLEEEEING.
 23462 | D:12     | 23462 ||| FLEEEEING.
 23463 | D:12     | 23463 ||| FLEEEEING.
 23556 | D:12     | 23556 ||| Stepping ~*~*~tactically~*~*~ (hiding).
 23712 | D:12     | 23712 ||| Stepping randomly (stuck).
 23778 | D:12     | 23778 ||| DRINKING 2 potions of curing.
 23778 | D:12     | 23778 ||| (to cure confusion)
 24027 | D:12     | 24027 ||| READING scroll of acquirement.
 24027 | D:12     | 24027 ||| ACQUIRING +0 broad axe of flaming
 24027 | D:12     | Acquired a +0 broad axe of flaming
 24029 | D:12     | 24029 ||| SWAPPING to +0 broad axe of flaming.
 24030 | D:12     | 24030 ||| DROPPING +0 flail.
 24031 | D:12     | 24031 ||| DROPPING +2 vorpal broad axe.
 24032 | D:12     | 24032 ||| READING scroll of enchant weapon.
 24032 | D:12     | 24032 ||| ENCHANTING +0 broad axe of flaming.
 24154 | D:13     | Noticed Urug
 24155 | D:13     | 24155 ||| INVOKING Brothers in Arms.
 24158 | D:13     | 24158 ||| INVOKING Berserk.
 24160 | D:13     | Killed Urug
 24268 | D:13     | 24268 ||| Stepping ~*~*~tactically~*~*~ (stealth).
 24405 | D:13     | Noticed Jorgrun
 24416 | D:13     | 24416 ||| INVOKING Berserk.
 24428 | D:13     | Killed Jorgrun
 24693 | D:13     | 24693 ||| Stepping randomly (disturbance).
 24694 | D:13     | 24694 ||| Stepping randomly (disturbance).
 24707 | D:13     | 24707 ||| FLEEEEING.
 24708 | D:13     | 24708 ||| FLEEEEING.
 24709 | D:13     | 24709 ||| FLEEEEING.
 24710 | D:13     | 24710 ||| FLEEEEING.
 25136 | D:13     | 25136 ||| FLEEEEING.
 25137 | D:13     | 25137 ||| FLEEEEING.
 25138 | D:13     | 25138 ||| FLEEEEING.
 25139 | D:13     | 25139 ||| FLEEEEING.
 25140 | D:13     | 25140 ||| FLEEEEING.
 25141 | D:13     | 25141 ||| FLEEEEING.
 25142 | D:13     | 25142 ||| FLEEEEING.
 25203 | D:13     | 25203 ||| INVOKING Trog's Hand.
 25225 | D:13     | 25225 ||| FLEEEEING.
 25226 | D:13     | 25226 ||| FLEEEEING.
 25227 | D:13     | 25227 ||| FLEEEEING.
 25228 | D:13     | 25228 ||| FLEEEEING.
 25229 | D:13     | 25229 ||| FLEEEEING.
 25230 | D:13     | 25230 ||| FLEEEEING.
 25231 | D:13     | 25231 ||| FLEEEEING.
 25233 | D:13     | 25233 ||| FLEEEEING.
 25234 | D:13     | 25234 ||| FLEEEEING.
 25235 | D:13     | 25235 ||| FLEEEEING.
 25244 | D:13     | 25244 ||| STAIRDANCE
 25323 | D:13     | 25323 ||| FLEEEEING.
 25324 | D:13     | 25324 ||| FLEEEEING.
 25325 | D:13     | 25325 ||| FLEEEEING.
 25326 | D:13     | 25326 ||| FLEEEEING.
 25327 | D:13     | 25327 ||| FLEEEEING.
 25328 | D:13     | 25328 ||| FLEEEEING.
 25329 | D:13     | 25329 ||| FLEEEEING.
 25330 | D:13     | 25330 ||| FLEEEEING.
 25331 | D:13     | 25331 ||| FLEEEEING.
 25340 | D:13     | 25340 ||| STAIRDANCE
 25441 | D:13     | Identified the +7 mace of Causality {vorpal, rElec rCorr
                  | Str-5 Dex+8}
 25443 | D:13     | Found a gate to the Vaults.
 25445 | D:13     | 25445 ||| Stepping ~*~*~tactically~*~*~ (stealth).
 25460 | D:13     | Reached XP level 15. HP: 104/136 MP: 14/14
 25681 | D:13     | 25681 ||| FLEEEEING.
 25682 | D:13     | 25682 ||| FLEEEEING.
 25873 | D:13     | HP: 33/136 [yaktaur/bolt (11)]
 25874 | D:13     | 25874 ||| READING 10 scrolls of teleportation.
 25875 | D:13     | 25875 ||| DRINKING 4 potions of heal wounds.
 26322 | D:14     | 26322 ||| Stepping ~*~*~tactically~*~*~ (hiding).
 26391 | D:14     | 26391 ||| Stepping ~*~*~tactically~*~*~ (stealth).
 26759 | D:14     | Noticed Agnes
 26761 | D:14     | 26761 ||| INVOKING Brothers in Arms.
 26762 | D:14     | 26762 ||| INVOKING Brothers in Arms.
 26764 | D:14     | 26764 ||| INVOKING Berserk.
 26781 | D:14     | Killed Agnes
 26782 | D:14     | Reached skill level 18 in Shields
 26789 | D:14     | 26789 ||| STAIRDANCE
 26965 | D:14     | Identified the +2 spear "Bixuz" {flame, Drain Int+4 Dex+4}
 27008 | D:14     | Noticed Lodul
 27009 | D:14     | 27009 ||| INVOKING Brothers in Arms.
 27010 | D:14     | 27010 ||| INVOKING Brothers in Arms.
 27011 | D:14     | 27011 ||| INVOKING Brothers in Arms.
 27014 | D:14     | 27014 ||| INVOKING Berserk.
 27017 | D:14     | Killed Lodul
 27150 | D:14     | 27150 ||| Stepping ~*~*~tactically~*~*~ (hiding).
 27272 | D:14     | 27272 ||| READING scroll of enchant armour.
 27272 | D:14     | 27272 ||| ENCHANTING +1 plate armour.
 27357 | D:14     | 27357 ||| Stepping ~*~*~tactically~*~*~ (hiding).
 27368 | D:14     | 27368 ||| Stepping ~*~*~tactically~*~*~ (hiding).
 27369 | D:14     | 27369 ||| Stepping ~*~*~tactically~*~*~ (hiding).
 27531 | D:14     | 27531 ||| DRINKING potion of cancellation.
 27536 | D:14     | 27536 ||| DROPPING +0 scale mail "Puov" {rF+ Regen+ Dex+4}.
 27575 | D:15     | Entered Level 15 of the Dungeon
 27591 | D:15     | 27591 ||| Stepping ~*~*~tactically~*~*~ (hiding).
 27622 | D:15     | 27622 ||| READING scroll of enchant armour.
 27622 | D:15     | 27622 ||| ENCHANTING +2 plate armour.
 27634 | D:15     | 27634 ||| Stepping ~*~*~tactically~*~*~ (stealth).
 27730 | D:15     | 27730 ||| Stepping ~*~*~tactically~*~*~ (hiding).
 27731 | D:15     | 27731 ||| Stepping ~*~*~tactically~*~*~ (hiding).
 27740 | D:15     | Reached skill level 15 in Fighting
 27741 | D:15     | 27741 ||| FLEEEEING.
 27742 | D:15     | 27742 ||| FLEEEEING.
 27743 | D:15     | 27743 ||| FLEEEEING.
 27744 | D:15     | 27744 ||| FLEEEEING.
 27745 | D:15     | 27745 ||| FLEEEEING.
 27749 | D:15     | 27749 ||| FLEEEEING.
 27750 | D:15     | 27750 ||| FLEEEEING.
 27751 | D:15     | 27751 ||| FLEEEEING.
 27752 | D:15     | 27752 ||| FLEEEEING.
 27753 | D:15     | 27753 ||| FLEEEEING.
 27754 | D:15     | 27754 ||| FLEEEEING.
 27758 | D:15     | 27758 ||| Stepping ~*~*~tactically~*~*~ (hiding).
 27762 | D:15     | 27762 ||| Stepping ~*~*~tactically~*~*~ (hiding).
 27993 | D:15     | 27993 ||| INVOKING Berserk.
 28170 | D:15     | 28170 ||| INVOKING Berserk.
 28295 | D:15     | Found a staircase to the Depths.
 28349 | D:15     | 28349 ||| Stepping ~*~*~tactically~*~*~ (hiding).
 28470 | D:15     | 28470 ||| INVOKING Trog's Hand.
 28796 | D:15     | 28796 ||| PLANNING ORC
 28796 | D:15     | 28796 ||| DROPPING +4 chain mail.
 28958 | Orc:1    | Entered Level 1 of the Orcish Mines
 28967 | Orc:1    | 28967 ||| Stepping ~*~*~tactically~*~*~ (stealth).
 28968 | Orc:1    | 28968 ||| INVOKING Berserk.
 29267 | Orc:1    | 29267 ||| Stepping ~*~*~tactically~*~*~ (stealth).
 29298 | Orc:1    | 29298 ||| Stepping ~*~*~tactically~*~*~ (hiding).
 29299 | Orc:1    | 29299 ||| Stepping ~*~*~tactically~*~*~ (hiding).
 29435 | Orc:2    | Entered Level 2 of the Orcish Mines
 29435 | Orc:2    | Found a staircase to the Elven Halls.
 29452 | Orc:2    | 29452 ||| INVOKING Trog's Hand.
 29470 | Orc:2    | 29470 ||| INVOKING Berserk.
 29501 | Orc:2    | Reached skill level 6 in Dodging
 29501 | Orc:2    | Received a gift from Trog
 29503 | Orc:2    | Found Luil's Antique Weapon Emporium.
 29505 | Orc:2    | 29505 ||| INVOKING Brothers in Arms.
 29506 | Orc:2    | 29506 ||| INVOKING Brothers in Arms.
 29512 | Orc:2    | HP: 30/141 [ogre/+0 giant club (23)]
 29513 | Orc:2    | 29513 ||| READING 10 scrolls of teleportation.
 29517 | Orc:2    | 29517 ||| READING 9 scrolls of teleportation.
 29518 | Orc:2    | 29518 ||| DRINKING 3 potions of heal wounds.
 29520 | Orc:2    | HP: 26/141 [orc priest/divine providence[an orc knight]
                  | (15)]
 29521 | Orc:2    | 29521 ||| READING 8 scrolls of teleportation.
 29521 | Orc:2    | HP: 4/141 [orc priest/nerve-wracking pain[an orc knight]
                  | (12)]
 29522 | Orc:2    | 29522 ||| DRINKING 2 potions of heal wounds.
 29523 | Orc:2    | 29523 ||| DRINKING potion of heal wounds.
 29523 | Orc:2    | Noticed an orc warlord
 29524 | Orc:2    | 29524 ||| INVOKING Trog's Hand.
 29525 | Orc:2    | 29525 ||| INVOKING Brothers in Arms.
 29528 | Orc:2    | HP: 35/141 [troll[an orc knight] (7)]
 29529 | Orc:2    | 29529 ||| READING 7 scrolls of teleportation.
 29529 | Orc:2    | HP: 13/141 [troll[an orc knight] (8)]
 29529 | Orc:2    | Slain by an orc warrior

Levels and vault maps discovered:
D:1:      mrwooster_arrival_statue, layout_basic, serial_aquarium,
          aquarium_bridge_square [aquarium_subvault_wall,
          aquarium_subvault_bridge, aquarium_subvault_balcony,
          aquarium_subvault_wall], aquarium_bridge_square
          [aquarium_subvault_balcony, aquarium_subvault_bridge,
          aquarium_subvault_bridge, aquarium_subvault_window],
          aquarium_window_fake, aquarium_window_fake, aquarium_view_2d,
          aquarium_view_2c, aquarium_balcony_double_1, st_stairs_4,
          minmay_small_reverse_x
D:2:      layout_rooms, basic_altar
D:3:      layout_basic, mainiacjoe_overflow_boulevard,
          shapermc_ecumenical_altar_gd, chequers_serial_rivers_large_a
D:4:      layout_loops_ring, minmay_temple_entry_butterflies, minivault_1
D:5:      layout_basic, nicolae_ru_the_path_less_chosen,
          mainiacjoe_overflow_cross_hatched
D:6:      layout_basic, overflow_temple_1_default, serial_shops, shop,
          minmay_holes, st_stairs_9, uniq_duvessa, uniq_menkaure, uniq_maggie
D:7:      layout_cave_pools, mainiacjoe_overflow_tiny_flanked, serial_glass,
          glass_columns_c, glass_columns_c, gammafunk_ghost_gnarly_gnolls
D:8:      minmay_octagon_keep, layout_rooms, lemuel_round_altar,
          mainiacjoe_overflow_two_lobes, david_lair_generic,
          amcnicky_mini_pool_medium
D:9:      layout_loops_ring, kennysheep_orc_monster_closet_entryway,
          serial_shops, nicolae_shop_statue_plus, nicolae_shop_statue_plus,
          nicolae_shop_behind_doors, shop, nicolae_shop_bloodbath_and_beyond
D:10:     minmay_separated_statues, layout_cave_pools, nicolae_vehumet_radiance,
          tso_metal_star, jmf_multi_god_temple2
D:11:     layout_long_grid, portal_ice_cave_entry_imps
D:12:     layout_basic, chequers_serial_rivers_small_3, minmay_quadrilaterals
D:13:     layout_basic, grunt_vaults_entry_fortified, lemuel_flamethrower_3,
          uniq_urug, uniq_jorgrun
D:14:     layout_irregular_city, nicolae_kite_square_tiling_tiny, uniq_lodul,
          uniq_agnes
D:15:     hangedman_depths_entry_try_elsewhere_first, layout_loops_ring,
          serial_glass, glass_columns_b, glass_columns_a
Lair:1:   wander_river, layout_cave_pods, serial_bayou_shore_a
Lair:2:   minmay_guarded_unrand_snakebite, layout_regular_city, st_stairs_9,
          nicolae_lair_lil_pond, kennysheep_snail_temple,
          infiniplex_staircase_pool, uniq_amaemon
Lair:3:   layout_loops_ring, minmay_shoals_entry_lonely_mermaid,
          spider_nest_entry_webs, dreamdust_gnoll_shepherd, grunt_megastairs_4,
          uniq_nessos
Lair:4:   layout_regular_city, minmay_slime_entry_jelly_boxes,
          minmay_stone_trees_large, eino_house_with_fridge
Lair:5:   wormcave, layout_misc_corridors, guppyfry_lair_end_dragon,
          gammafunk_ghost_hive
Orc:1:    layout_caves
Orc:2:    st_orc_ogre_mass, layout_caves, lightli_orcish_oven

Skill      XL: |  1  2  3  4  5  6  7  8  9 10 11 12 13 14 15 |
---------------+----------------------------------------------+-----
Axes           | 4 5 7 8 10 12 13 15 17 18 | 18.0
Armour         | 4 5 6 7 9 10 13 14 | 14.0
Fighting       | 4 6 7 9 10 12 13 15 | 15.3
Shields        | 4 10 12 13 15 16 17 18 | 18.8
Throwing       | 2 3 4 6 7 |  7.0
Dodging        | 3 4 6 |  6.0

Action                   |  1- 3 |  4- 6 |  7- 9 | 10-12 | 13-15 || total
-------------------------+-------+-------+-------+-------+-------++-------
Melee: Hand axe          |   106 |    20 |       |       |       ||   126
       Headbutt          |    16 |     9 |    46 |    70 |   220 ||   361
       Punch             |       |     1 |       |       |       ||     1
       War axe           |       |    39 |   106 |       |       ||   145
       Broad axe         |       |       |   100 |   331 |  1020 ||  1451
       Flail             |       |       |       |       |     5 ||     5
Throw: Javelin           |       |       |     7 |    28 |    81 ||   116
       Boomerang         |       |       |     5 |    32 |    49 ||    86
Invok: Berserk           |     1 |     2 |     9 |    22 |    27 ||    61
       Brothers in Arms  |       |       |       |       |    10 ||    10
       Trog's Hand       |       |       |       |       |     4 ||     4
  Use: Scroll            |     8 |     4 |    11 |     6 |    18 ||    47
       Potion            |     1 |     1 |     2 |     7 |    11 ||    22
 Stab: Held in net/web   |       |       |       |     2 |       ||     2
       Petrified         |       |       |       |       |     2 ||     2
       Confused          |       |       |       |       |     1 ||     1
Armor: Animal skin       |     7 |       |       |       |       ||     7
       Chain mail        |    14 |       |       |       |       ||    14
       Plate armour      |    12 |    33 |   102 |   211 |   572 ||   930
Dodge: Dodged            |    55 |    21 |    56 |    85 |   315 ||   532
Block: Tower shield      |       |       |    95 |   367 |  1069 ||  1531

Table legend:
 A = Non-vault XP
 B = Vault XP
 C = Vault XP percentage of total XP
 D = Non-vault monster count
 E = Vault monster count
 F = Vault count percentage of total count
                 A         B        C        D         E       F
            +---------+---------+-------+---------+---------+-------
      Total |   91298 |   55845 |  38.0 |     451 |     207 |  31.5
            +---------+---------+-------+---------+---------+-------
        D:1 |      38 |      11 |  22.4 |      14 |       6 |  30.0
        D:2 |      17 |       0 |   0.0 |      10 |       0 |   0.0
        D:3 |     159 |       0 |   0.0 |      21 |       0 |   0.0
        D:4 |     138 |       0 |   0.0 |      19 |       0 |   0.0
        D:5 |     266 |       0 |   0.0 |       7 |       0 |   0.0
        D:6 |    1712 |     890 |  34.2 |      26 |       6 |  18.8
        D:7 |    1331 |       0 |   0.0 |      19 |       0 |   0.0
        D:8 |     981 |    1915 |  66.1 |      14 |      15 |  51.7
        D:9 |    1813 |    1890 |  51.0 |      17 |      20 |  54.1
       D:10 |    2604 |    1272 |  32.8 |      24 |       2 |   7.7
       D:11 |    2400 |     122 |   4.8 |       6 |      12 |  66.7
       D:12 |    4328 |    1581 |  26.8 |      15 |       5 |  25.0
       D:13 |    2535 |    8995 |  78.0 |      13 |      10 |  43.5
       D:14 |    9669 |    2926 |  23.2 |      27 |       8 |  22.9
       D:15 |    9047 |    2592 |  22.3 |      26 |       4 |  13.3
     Lair:1 |    7718 |       0 |   0.0 |      23 |       0 |   0.0
     Lair:2 |    3600 |    7073 |  66.3 |      13 |      24 |  64.9
     Lair:3 |   10948 |    2156 |  16.5 |      36 |       6 |  14.3
     Lair:4 |   14933 |    1561 |   9.5 |      33 |      25 |  43.1
     Lair:5 |   12387 |    9879 |  44.4 |      35 |      33 |  48.5
      Orc:1 |    2506 |       0 |   0.0 |      29 |       0 |   0.0
      Orc:2 |    2168 |   12982 |  85.7 |      24 |      31 |  56.4
            +---------+---------+-------+---------+---------+-------
